 Dungeon Crawl Stone Soup version 0.30.0-30-g96aa6591b8 (webtiles) character file.

Game seed: 3836443027382856064

818 DemonSlayer the Digger (level 7, -6/47 HPs)
             Began as a Demonspawn Earth Elementalist on June 27, 2023.
             Was an Initiate of Dithmenos.
             Mangled by Edmund
             ... wielding a +2 flail of holy wrath
              (9 damage)
             ... on level 5 of the Dungeon.
             The game lasted 00:07:07 (4451 turns).

DemonSlayer the Digger (DsEE)                       Turns: 4451, Time: 00:07:08

Health: -6/47      AC:  8    Str:  8    XL:     7   Next: 62%
Magic:  3/13       EV: 12    Int: 18    God:    Dithmenos [......]
Gold:   191        SH:  0    Dex: 20    Spells: 5/15 levels left

rFire   . . .        f - +0 dagger
rCold   . . .        (no shield)
rNeg    . . .        n - +3 leather armour
rPois   .            (no helmet)
rElec   .            (no cloak)
rCorr   .            (no gloves)
SInv    .            (no boots)
Will    .....        (no amulet)
Stlth   +++          q - +6 ring of dexterity
HPRegen 0.27/turn    (no ring)
MPRegen 0.13/turn

%: no passive effects
@: no status effects
A: sharp scales 2, demonic magic 2
a: Renounce Religion


You were on level 5 of the Dungeon.
You worshipped Dithmenos.
Dithmenos was noncommittal.
You visited 2 branches of the dungeon, and saw 6 of its levels.

You collected 191 gold pieces.

Inventory:

Hand Weapons
 f - a +0 dagger (weapon)
Missiles
 t - 2 javelins
 A - a throwing net
Armour
 a - a +0 robe of cold resistance
 n - a +3 leather armour (worn)
Jewellery
 q - a +6 ring of dexterity (left hand)
Wands
 r - a wand of paralysis (10)
Scrolls
 c - a scroll of immolation {unknown}
 e - 2 scrolls of fog {unknown}
 g - a scroll of noise {unknown}
 i - a scroll of silence {unknown}
 j - a scroll of identify {unknown}
 m - a scroll of blinking {unknown}
 o - a scroll of acquirement {unknown}
 s - a scroll of magic mapping {unknown}
 u - a scroll of teleportation {unknown}
 y - a scroll of poison {unknown}
 z - a scroll of brand weapon {unknown}
Potions
 b - 3 potions of magic
 d - a potion of ambrosia {unknown}
 h - a potion of flight {unknown}
 k - 3 potions of mutation {unknown}
 l - 2 potions of might {unknown}
 p - a potion of berserk rage {unknown}
 v - 2 potions of degeneration {unknown}
 w - a potion of heal wounds {unknown}
 x - a potion of lignification {unknown}


   Skills:
 + Level 0.5 Fighting
 + Level 1.0 Short Blades
 + Level 0.2 Throwing
 + Level 1.6 Armour
 + Level 2.1 Dodging
 + Level 3.4 Stealth
 + Level 4.5 Spellcasting
 + Level 0.8 Transmutations
 + Level 5.9 Earth Magic
 + Level 0.2 Evocations


You had 5 spell levels left.
You knew the following spells:

 Your Spells              Type           Power      Damage    Failure   Level
a - Sandblast             Erth           50%        2d12      1%          1
b - Passwall              Tmut/Erth      13%        N/A       8%          2
c - Stone Arrow           Conj/Erth      28%        3d8       17%         3
d - Petrify               Tmut/Erth      16%        N/A       43%         4

Your spell library contained the following spells:

 Spells                   Type           Power      Damage    Failure   Level


Dungeon Overview and Level Annotations

Branches:
Dungeon (5/15)             Temple (1/1) D:5

Altars:
Ashenzari
Cheibriados
Dithmenos
Hepliaklqana
Kikubaaqudgha
Qazlal
Trog
Vehumet
Wu Jian

Annotations:
D:5 Edmund


Innate Abilities, Weirdness & Mutations

You are mostly covered in razor-sharp scales. (AC +2, Slay +2)
Spells you cast may paralyse nearby enemies.


Message History

Malevolent energies surge around you.
Edmund drinks a potion.
Edmund seems to speed up.
Edmund asks, "Have you met my wondrous brother?"
The blast of sand misses Edmund.
Malevolent energies surge around you.
Edmund hits you with a +2 flail of holy wrath!
You convulse!
The blast of sand hits Edmund but does no damage.
Malevolent energies surge around you. Edmund barely misses you.
Edmund closely misses you.
The blast of sand hits Edmund but does no damage.
Malevolent energies surge around you.
Edmund hits you with a +2 flail of holy wrath.
You convulse.
Edmund hits you with a +2 flail of holy wrath.
You convulse.
* * * LOW HITPOINT WARNING * * *
Edmund hits you with a +2 flail of holy wrath.
* * * LOW HITPOINT WARNING * * *
You convulse.
* * * LOW HITPOINT WARNING * * *
Okay, then.
Okay, then.
Casting: Sandblast (safe; 1% risk of failure)
Confirm with . or Enter, or press ? or * to list all spells.
Aiming: Stone Arrow (dangerous; 17% risk of failure)
Press: ? - help, Shift-Dir - straight line, f/p - Edmund
Aim: Edmund, wielding a +2 flail of holy wrath and wearing a +4 chain mail of willpower (fast, 77% to hit)
The stone arrow misses Edmund.
Malevolent energies surge around you. Edmund barely misses you.
Casting: Stone Arrow (dangerous; 17% risk of failure)
Confirm with . or Enter, or press ? or * to list all spells.
The spell is quite dangerous to miscast (43% risk of failure)!
Continue anyway?
Aiming: Petrify (quite dangerous; 43% risk of failure)
Press: ? - help, Shift-Dir - straight line, f/p - Edmund
Aim: Edmund, wielding a +2 flail of holy wrath and wearing a +4 chain mail of willpower (fast, chance to affect: 18%) Edmund resists with almost no effort.
Malevolent energies surge around you.
Edmund hits you with a +2 flail of holy wrath.
* * * LOW HITPOINT WARNING * * *
You convulse!
You die...

#.# #####
#.#.......# #
## #.#
#.........#
#.#
#.#....^..#
#.#
#.........#
#.########
#.......#
#........#
#.<.....#
########.#
#.......# #
#.#
####@#.####
## #.#
#@#....# ##.
#.# #.####.#
#..
#.#######.#
#.# ##.
#.........#
#.###########
###########
#............
#############


You could see Edmund (fast).

Vanquished Creatures
  Sigmund (D:3)
  2 black bears (D:4)
  2 ogres (D:4)
  A phantom (D:4)
  A scorpion (D:5)
  An iguana (D:5)
  3 gnolls (D:5)
  5 adders
  An ufetubus (D:5)
  2 worms
  4 dart slugs
  An orc (D:3)
  4 endoplasms
  A giant cockroach (D:1)
  4 goblins
  6 hobgoblins
  2 jackals (D:4)
  6 kobolds
  2 quokkas
  5 ball pythons
  6 bats
  4 frilled lizards
  3 rats
67 creatures vanquished.

Notes
Turn   | Place    | Note
-------+----------+-------------------------------------------
     0 | D:1      | DemonSlayer the Demonspawn Earth Elementalist began the
                  | quest for the Orb.
     0 | D:1      | Reached XP level 1. HP: 13/13 MP: 3/3
   149 | D:1      | Reached skill level 3 in Earth Magic
   420 | D:1      | Gained mutation: You are partially covered in razor-sharp
                  | scales. (AC +1, Slay +1) [demonic ancestry]
   420 | D:1      | Reached XP level 2. HP: 16/19 MP: 0/5
  1060 | D:1      | Learned a level 2 spell: Passwall
  1664 | D:2      | Reached XP level 3. HP: 20/24 MP: 4/6
  2338 | D:3      | Identified the +5 ring mail of Generosity {Harm rN+}
  2353 | D:3      | Learned a level 3 spell: Stone Arrow
  2443 | D:3      | Reached XP level 4. HP: 30/30 MP: 7/7
  2610 | D:3      | Reached skill level 4 in Earth Magic
  2770 | D:3      | Noticed Sigmund
  2780 | D:3      | Killed Sigmund
  2781 | D:3      | Gained mutation: You are mostly covered in razor-sharp
                  | scales. (AC +2, Slay +2) [demonic ancestry]
  2781 | D:3      | Reached XP level 5. HP: 35/35 MP: 2/10
  2930 | D:4      | Noticed a black bear
  2941 | D:4      | Noticed a phantom
  2950 | D:4      | Killed a phantom
  2951 | D:4      | Reached skill level 1 in Armour
  2951 | D:4      | Gained mutation: Spells you cast may paralyse adjacent
                  | enemies. [demonic ancestry]
  2951 | D:4      | Reached XP level 6. HP: 34/41 MP: 6/11
  3038 | D:4      | Reached skill level 5 in Earth Magic
  3149 | D:4      | Gained mutation: Spells you cast may paralyse nearby
                  | enemies. [demonic ancestry]
  3149 | D:4      | Reached XP level 7. HP: 47/47 MP: 10/12
  3211 | D:4      | Found a hazy altar of Hepliaklqana.
  3321 | D:4      | Reached skill level 1 in Short Blades
  3991 | D:4      | Learned a level 4 spell: Petrify
  4010 | D:5      | Entered Level 5 of the Dungeon
  4061 | D:5      | Found a staircase to the Ecumenical Temple.
  4067 | Temple   | Entered the Ecumenical Temple
  4073 | Temple   | Became a worshipper of Dithmenos the Shadowed
  4443 | D:5      | Noticed Edmund
  4451 | D:5      | Mangled by Edmund

Illustrated notes

Levels and vault maps discovered:
D:1:      kennysheep_arrival_forest, layout_basic, nicolae_hexahallways,
          kennysheep_small_spiral, minmay_misc_feat_chi
D:2:      layout_loops_corners
D:3:      layout_rooms, uniq_sigmund
D:4:      layout_basic, lemuel_crystal_altar, minmay_statues_item,
          serial_bayou_lagoon_a
D:5:      layout_loops_ring, mainiacjoe_overflow_alcove_2, temple_doors_cd,
          serial_shops, shop, small_statue_intersection, uniq_edmund,
          uniq_menkaure
Temple:   nicolae_temple_bog_church

Skill      XL: |  1  2  3  4  5  6  7 |
---------------+----------------------+-----
Earth Magic    | 3 4 5 |  5.9
Stealth        | 2 3 |  3.4
Spellcasting   | 3 4 |  4.5
Armour         | 1 |  1.6
Dodging        | 2 |  2.1
Short Blades   | 1 |  1.0
Fighting       | |  0.5
Throwing       | |  0.2
Transmutations | |  0.8
Evocations     | |  0.2

Action                     |  1- 3 |  4- 6 |  7- 9 || total
---------------------------+-------+-------+-------++-------
  Melee: Dagger            |    14 |     8 |     7 ||    29
         Punch             |     1 |     1 |       ||     2
  Throw: Javelin           |       |     2 |       ||     2
   Cast: Sandblast         |    42 |    34 |    22 ||    98
         Stone Arrow       |       |       |     1 ||     1
         Petrify           |       |       |     1 ||     1
  Evoke: Wand              |       |     1 |       ||     1
   Stab: Sleeping          |     9 |     1 |     1 ||    11
         Paralysed         |       |     3 |     4 ||     7
 Armour: Leather armour    |    11 |    12 |     2 ||    25
         Robe              |     1 |       |       ||     1
  Dodge: Dodged            |    14 |    12 |     9 ||    35
